 Dungeon Sprint DCSS version 0.17.1-3-g152610e (webtiles) character file.

8505 Kokonut the Unseen (level 11, -3/48 HPs)
             Began as a Spriggan Enchanter on Feb 27, 2016.
             Was the Champion of Dithmenos.
             Slain by a demonic crawler (12 damage)
             ... in the Dungeon (Sprint I: "Red Sonja").
             The game lasted 00:13:27 (1380 turns).

Kokonut the Unseen (Spriggan Enchanter)             Turns: 1380, Time: 00:13:27

Health: -3/48      AC:  4    Str:  3 (4)  XL:     11   Next: 10%
Magic:  27/27      EV: 33    Int: 18 (20) God:    Dithmenos [******]
Gold:   1264       SH:  0    Dex: 22      Spells: 5 memorised, 20 levels left

rFire  + . .     SeeInvis +     a - +1 dagger
rCold  . . .     Clarity  .     o - +2 robe {rF+}
rNeg   . . .     SustAt   .     (shield restricted)
rPois  .         Gourm    .     (helmet restricted)
rElec  .         Spirit   .     (no cloak)
rCorr  .         Warding  .     (gloves unavailable)
rMut   .         Stasis   +     (boots unavailable)
MR     +....                    g - amulet of stasis
Stlth  ++++++++++               (no ring)
                                k - +5 ring of dexterity

@: wreathed by umbra, very quick, somewhat resistant to hostile enchantments,
uncannily stealthy
A: unfitting armour, see invisible, deterioration 2, herbivore 3, speed 3, frail
2, slow metabolism 2, no device heal 1, MP-powered wands
a: Shadow Step, Shadow Form, Renounce Religion


You were in the Dungeon.
You worshipped Dithmenos.
Dithmenos was exalted by your worship.
You were not hungry.

You visited 1 branch You collected 1438 gold pieces.
You spent 174 gold pieces at shops.

Inventory:

Hand Weapons
 a - a +1 dagger (weapon)
Armour
 b - a +1 robe
 o - a +2 robe of fire resistance (worn)
Jewellery
 g - an amulet of stasis (around neck)
 k - a +5 ring of dexterity (left hand)
Scrolls
 j - a scroll of blinking
 l - 4 scrolls of identify {unknown}
 m - a scroll of enchant weapon {unknown}
Potions
 e - 2 potions of curing
 f - a potion of heal wounds
 h - 2 potions of magic
 i - a potion of berserk rage
 n - 2 potions of cancellation {unknown}
 p - a potion of invisibility {unknown}
Books
 c - a book of Maledictions

   Spells                             Type                      Level
   a - Corona                         Hexes                        1
   b - Ensorcelled Hibernation        Hexes/Ice                    2
   c - Confuse                        Hexes                        3
   d - Tukima's Dance                 Hexes                        3
   e - Dazzling Spray                 Conjuration/Hexes            3
Comestibles
 d - a bread ration


   Skills:
 + Level 8.2 Fighting
 + Level 12.1 Short Blades
 + Level 13.6 Dodging
 + Level 19.4 Stealth
 - Level 11.4 Spellcasting
 - Level 15.4 Hexes


You had 20 spell levels left.
You knew the following spells:

 Your Spells              Type           Power        Failure   Level  Hunger
a - Corona                Hex            ######.      0%          1    None
b - Ensorcelled Hibernat  Hex/Ice        #####.       1%          2    None
c - Confuse               Hex            ######..     1%          3    None
d - Dazzling Spray        Conj/Hex       #####...     1%          3    None
e - Tukima's Dance        Hex            ######..     1%          3    None


Dungeon Overview and Level Annotations

Branches:
Dungeon (1/1)

Altars:
Cheibriados
Dithmenos
Elyvilon
Fedhas
Gozag
Kikubaaqudgha
Makhleb
Nemelex Xobeh
Okawaru
Qazlal
Ru
Sif Muna
Trog
Vehumet
Xom
Yredelemnul
Zin
The Shining One
Jiyva

Shops:
D :?[%:*([[%[}=![:}!?[%


Innate Abilities, Weirdness & Mutations

You are tiny and cannot use many weapons and most armour.
You have supernaturally acute eyesight.
You are a herbivore.
You cover ground extremely quickly.
You need consume almost no food.
Your body often deteriorates upon taking damage.
You are very frail (-20% HP).
Potions and wands are less effective at restoring your health.
You expend magic power (3 MP) to strengthen your wands.


Message History

The demonic crawler is almost dead.
The demonic crawler hits you.
* * * LOW HITPOINT WARNING * * *
Your body deteriorates!
You feel dopey.
The demonic crawler completely misses you. x2
You hit the demonic crawler but do no damage.
The demonic crawler is almost dead.
You hit the demonic crawler but do no damage.
The demonic crawler is almost dead.
Your shadow barely misses the demonic crawler.
The demonic crawler misses you. The demonic crawler hits you.
* * * LOW HITPOINT WARNING * * *
The demonic crawler closely misses you.
You hit the demonic crawler but do no damage.
The demonic crawler is almost dead.
You hit the demonic crawler.
The demonic crawler is almost dead.
Your shadow hits the demonic crawler but does no damage.
The demonic crawler hits you!
You die...

######################***********
.)'..#.)'..#__#§@sss)#,,*,,,,+,,,
..#.)'..#..'..'§§#s§.##+#,****,,,
####+#####'#__####)..'..#,*,***,,
###..#...#.####§.#####..+,*+*,***
__####..##(#§≈≈§§#..#*+##**,,,*,*
_..__##'#§.'§§§§§'..#,,,,,*,,,***
_.∩...'.§§_#≈§≈§)#..#,,,,,+,,,,,*
_..._##_.#+##§#####'###,,,*,,,,,*
_____###'#.#[§..###.'.#,,,***++**


You could see 4 demonic crawlers.

Vanquished Creatures
  2 centaur warriors (D)
  Sonja (D)
  2 unseen horrors (D)
  A deep troll (D)
  An oklob plant (D)
  5 shining eyes (D)
  2 kobold demonologists (D)
  A slime creature (D)
  Sigmund (D)
  4 trapdoor spiders (D)
  A yak (D)
  An ogre (D)
  A wasp (D)
  7 necrophages (D)
  8 jellies (D)
  Ijyb (D)
  6 giant eyeballs (D)
  3 ballistomycetes (D)
  A giant spore (D)
49 creatures vanquished.

Vanquished Creatures (others)
  A giant spore (D)
1 creature vanquished.

Grand Total: 50 creatures vanquished

Notes
Turn   | Place    | Note
--------------------------------------------------------------
     0 | D        | Kokonut the Spriggan Enchanter began the quest for the Orb.
     0 | D        | Reached XP level 1. HP: 9/9 MP: 5/5
     2 | D        | Noticed Ijyb
     7 | D        | Killed Ijyb
     7 | D        | Reached skill level 6 in Stealth
     7 | D        | Reached skill level 5 in Hexes
     7 | D        | Reached XP level 2. HP: 13/13 MP: 6/8
    43 | D        | Learned a level 2 spell: Ensorcelled Hibernation
    43 | D        | Noticed an ogre
    46 | D        | Killed an ogre
    46 | D        | Reached skill level 7 in Stealth
    46 | D        | Reached skill level 5 in Spellcasting
    46 | D        | Reached skill level 8 in Hexes
    46 | D        | Reached XP level 3. HP: 16/16 MP: 9/11
    46 | D        | Reached XP level 4. HP: 21/21 MP: 9/12
    57 | D        | Noticed Sigmund
    60 | D        | Killed Sigmund
    60 | D        | Reached skill level 9 in Stealth
    60 | D        | Reached skill level 10 in Hexes
    60 | D        | Reached XP level 5. HP: 24/24 MP: 10/15
    60 | D        | Reached XP level 6. HP: 28/28 MP: 11/17
    72 | D        | Found a snail-covered altar of Cheibriados.
    72 | D        | Found a viscous altar of Jiyva.
    72 | D        | Found a shadowy altar of Dithmenos.
    72 | D        | Found a blossoming altar of Fedhas.
    72 | D        | Noticed a slime creature
    76 | D        | Became a worshipper of Dithmenos the Shadowed
    77 | D        | Killed a slime creature
    77 | D        | Reached skill level 11 in Stealth
    93 | D        | Found a deep blue altar of Sif Muna.
    93 | D        | Noticed a jelly
    95 | D        | Found a radiant altar of Vehumet.
    99 | D        | Killed a jelly
   129 | D        | Found Raodum's Food Emporium.
   129 | D        | Found a white marble altar of Elyvilon.
   129 | D        | Found a stormy altar of Qazlal.
   129 | D        | Found a burning altar of Makhleb.
   129 | D        | Found a sacrificial altar of Ru.
   129 | D        | Found a basalt altar of Yredelemnul.
   129 | D        | Found a glowing golden altar of the Shining One.
   129 | D        | Found a sparkling altar of Nemelex Xobeh.
   129 | D        | Found a shimmering altar of Xom.
   129 | D        | Found an opulent altar of Gozag.
   129 | D        | Found an ancient bone altar of Kikubaaqudgha.
   129 | D        | Found a glowing silver altar of Zin.
   129 | D        | Noticed a yak
   130 | D        | Found an iron altar of Okawaru.
   131 | D        | Killed a yak
   131 | D        | Reached * piety under Dithmenos
   131 | D        | Reached skill level 12 in Hexes
   131 | D        | Reached XP level 7. HP: 32/32 MP: 18/20
   132 | D        | Found a bloodstained altar of Trog.
   147 | D        | Learned a level 3 spell: Confuse
   151 | D        | Learned a level 3 spell: Dazzling Spray
   155 | D        | Learned a level 3 spell: Tukima's Dance
   155 | D        | Noticed Sonja
   159 | D        | Killed Sonja
   159 | D        | Reached skill level 13 in Stealth
   159 | D        | Reached skill level 10 in Spellcasting
   159 | D        | Reached skill level 14 in Hexes
   159 | D        | Reached XP level 8. HP: 36/36 MP: 20/23
   174 | D        | Found Mosk's Book Boutique.
   194 | D        | Noticed a deep troll
   198 | D        | Killed a deep troll
   198 | D        | Reached skill level 15 in Hexes
   209 | D        | Found Warovearph's Armour Emporium.
   231 | D        | Noticed a centaur warrior
   232 | D        | Noticed a centaur warrior
   234 | D        | Killed a centaur warrior
   234 | D        | Reached ** piety under Dithmenos
   234 | D        | Reached skill level 15 in Stealth
   234 | D        | Reached XP level 9. HP: 39/44 MP: 25/25
   235 | D        | Killed a centaur warrior
   235 | D        | Reached skill level 16 in Stealth
   244 | D        | Noticed a wasp
   247 | D        | Killed a wasp
   258 | D        | Noticed an oklob plant
   260 | D        | Killed an oklob plant
   260 | D        | Reached skill level 5 in Fighting
   285 | D        | Noticed a kobold demonologist
   286 | D        | Noticed a kobold demonologist
   290 | D        | Killed a kobold demonologist
   290 | D        | Reached *** piety under Dithmenos
   290 | D        | Reached XP level 10. HP: 48/51 MP: 26/26
   291 | D        | Killed a kobold demonologist
   291 | D        | Reached skill level 10 in Dodging
   291 | D        | Reached skill level 17 in Stealth
   297 | D        | Noticed a demonic crawler
   297 | D        | Noticed a demonic crawler
   297 | D        | Noticed a demonic crawler
   297 | D        | Noticed a demonic crawler
   325 | D        | Noticed a trapdoor spider
   326 | D        | Noticed a trapdoor spider
   327 | D        | Killed a trapdoor spider
   330 | D        | Noticed a trapdoor spider
   589 | D        | Killed a trapdoor spider
   589 | D        | Reached skill level 10 in Short Blades
   591 | D        | Killed a trapdoor spider
   597 | D        | Noticed a trapdoor spider
   598 | D        | Killed a trapdoor spider
   598 | D        | Reached **** piety under Dithmenos
   602 | D        | Noticed an unseen horror
   603 | D        | Noticed an unseen horror
   610 | D        | Killed an unseen horror
   611 | D        | Killed an unseen horror
   611 | D        | Reached skill level 18 in Stealth
   627 | D        | Noticed a jelly
   627 | D        | Noticed a jelly
   627 | D        | Noticed a jelly
   627 | D        | Noticed a jelly
   627 | D        | Noticed a jelly
   627 | D        | Noticed a jelly
   627 | D        | Noticed a jelly
   629 | D        | Killed a jelly
   630 | D        | Killed a jelly
   631 | D        | Killed a jelly
   632 | D        | Noticed a necrophage
   632 | D        | Noticed a necrophage
   632 | D        | Noticed a necrophage
   633 | D        | Killed a jelly
   633 | D        | Reached ***** piety under Dithmenos
   634 | D        | Killed a jelly
   635 | D        | Killed a jelly
   636 | D        | Noticed a necrophage
   636 | D        | Noticed a necrophage
   637 | D        | Killed a jelly
   638 | D        | Noticed a necrophage
   638 | D        | Noticed a necrophage
   641 | D        | Killed a necrophage
   671 | D        | Killed a necrophage
   673 | D        | Killed a necrophage
   679 | D        | Killed a necrophage
   683 | D        | Killed a necrophage
   687 | D        | Killed a necrophage
   702 | D        | Killed a necrophage
   739 | D        | Found Ceceimof's Armour Shoppe.
   739 | D        | Found Weotuad's Weapon Shop.
   739 | D        | Found Heluczu's Armour Boutique.
   741 | D        | Found Gura's Food Emporium.
   741 | D        | Found Wyutoiqosu's Antique Armour Shop.
   741 | D        | Found Vytigija's Gadget Shoppe.
   741 | D        | Found Muafutu's Jewellery Boutique.
   741 | D        | Found Wipn's Distillery.
   741 | D        | Found Yrhif's Antique Armour Shop.
   741 | D        | Found Aloyzi's Book Shoppe.
   745 | D        | Found Qelus's Gadget Boutique.
   746 | D        | Found Cujung's Magic Scroll Emporium.
   746 | D        | Found Riusat's Distillery.
   747 | D        | Found Vakoquzika's Food Emporium.
   751 | D        | Bought an embroidered robe for 16 gold pieces
   754 | D        | Bought a scroll of magic mapping for 38 gold pieces
   831 | D        | Noticed a shining eye
   831 | D        | Noticed a shining eye
   831 | D        | Noticed a shining eye
   832 | D        | Noticed a shining eye
   832 | D        | Noticed a shining eye
   832 | D        | Noticed a shining eye
   833 | D        | Noticed a shining eye
   833 | D        | Noticed a shining eye
   834 | D        | Killed a shining eye
   834 | D        | Reached ****** piety under Dithmenos
   838 | D        | Killed a shining eye
   844 | D        | Killed a shining eye
   844 | D        | Reached skill level 19 in Stealth
   844 | D        | Reached XP level 11. HP: 60/60 MP: 27/27
   845 | D        | Gained mutation: Your body sometimes deteriorates upon taking damage. [a shining eye]
   846 | D        | Found Xippiucs's Magic Scroll Shoppe.
   846 | D        | Found Umifamirph's Assorted Antiques.
   846 | D        | Found Mischusat's Armour Emporium.
   846 | D        | Gained mutation: Your body often deteriorates upon taking damage. [a shining eye]
   847 | D        | Found Reoruc's Book Shop.
   847 | D        | Gained mutation: You expend magic power (3 MP) to strengthen your wands. [a shining eye]
   847 | D        | Gained mutation: Potions and wands are less effective at restoring your health. [a shining eye]
   871 | D        | Bought a lumpy jasper amulet for 120 gold pieces
   893 | D        | Gained mutation: You are frail (-10% HP). [mutagenic glow]
  1098 | D        | Killed a shining eye
  1127 | D        | Gained mutation: You are very frail (-20% HP). [a shining eye]
  1134 | D        | Killed a shining eye
  1380 | D        | Slain by a demonic crawler

Action                   |  1- 3 |  4- 6 |  7- 9 | 10-12 || total
-------------------------+-------+-------+-------+-------++-------
Melee: Dagger            |     3 |     4 |     8 |    95 ||   110
       Unarmed           |       |       |       |     1 ||     1
 Cast: Ensorcelled Hiber |       |       |     1 |     7 ||     8
       Confuse           |       |       |       |    17 ||    17
  Use: Potion            |     1 |       |       |     2 ||     3
       Scroll            |       |       |       |     1 ||     1
 Stab: Sleeping          |     2 |     4 |     8 |    24 ||    38
       Confused          |       |       |       |     8 ||     8
       Distracted        |       |       |       |     1 ||     1
